[Event "*** Titled Tuesday Blitz"]
[Site "Chess.com"]
[Date "2021.03.16"]
[Round "5"]
[White "CrazyMartian"]
[Black "Vasily85"]
[Result "0-1"]
[WhiteElo "2252"]
[BlackElo "2443"]
[TimeControl "180+1"]
[EndTime "10:55:18 PDT"]
[Termination "Vasily85 won on time"]

1. d4 Nf6 2. c4 e6 3. Nc3 Bb4 4. Qc2 O-O 5. a3 Bxc3+ 6. Qxc3 d6 7. Nf3 b6 8. Bg5 Bb7 9. e3 Nbd7 10. Be2 h6 11. Bh4 c5 12. Rd1 Qc7 13. O-O Rac8 14. dxc5 dxc5 15. Bg3 Qc6 16. Qc2 Ne4 17. Bd3 Nxg3 18.
hxg3 Nf6 19. Rfe1 Rfd8 20. Bf1 Ne4 21. Rxd8+ Rxd8 22. Rd1 Rd6 23. Rxd6 Qxd6 24. Qd3 Kf8 25. Qxd6+ Nxd6 26. Bd3 Ke7 27. Kf1 f6 28. Ke2 e5 29.
Nd2 Bxg2 30. f3 Bh3 31. g4 f5 32. Kf2 fxg4 33. Kg3 h5 34. Ne4 Nf5+ 35. Kf2 h4 36. fxg4 Bxg4 37. Ng5 h3 38. Bxf5 Bxf5 39. e4 Be6 40. b3 Kf6 41. Nf3 g5 42. Kg3 a6 43.
Ng1 b5 44. cxb5 axb5 45. a4 bxa4 46. bxa4 c4 47. Ne2 Bd7 48. a5 g4 49. a6 Bc6 50.
a7 Ke6 0-1

[Event "*** Titled Tuesday Blitz"]
[Site "Chess.com"]
[Date "2021.03.16"]
[Round "5"]
[White "DvaHrasta"]
[Black "ARTHURMOTIVATOR"]
[Result "1-0"]
[WhiteElo "2532"]
[BlackElo "2365"]
[TimeControl "180+1"]
[EndTime "10:55:19 PDT"]
[Termination "DvaHrasta won by resignation"]

1. c4 e5 2. g3 Nc6 3. Bg2 g6 4. Nf3 Bg7 5. O-O d6 6. Nc3 Nf6 7. Rb1 O-O 8. b4 h6 9. b5 Ne7 10. d3 Be6 11. Ne1 Qc8 12. a4 Bh3 13. Ba3 Bxg2 14. Kxg2 Nh5 15. Nd5 Nxd5 16. cxd5 f5 17. Rc1 Qd7 18. e4 Rf7 19. f3 Raf8 20. Rf2 Bf6 21. Rc4 Bd8 22. Bc1 Kh7 23. Nc2 Nf6 24.
Na1 f4 25. g4 Nxg4 26. fxg4 f3+ 27. Kh1 Bh4 28. Be3 Bxf2 29. Bxf2 Qxg4 30. Qg1 Qh5 31. Nc2 Qh3 32. Ne3 Rg8 33. Qg4 Qxg4 34. Nxg4 h5 35. Ne3 Kg7 36. a5 Re8 37. Nf1 b6 38. a6 Rd7 39. Ne3 Rf8 40. Nc2 Rff7 41. Nb4 Rf8 42.
Nc6 Ra8 43. h4 Kf6 44. Kh2 g5 45. hxg5+ Kxg5 46. Rc1 Kh6 47. Rg1 Rf7 48. Rg3 Rf4 49. Kg1 h4 50. Rh3 Kh5 51. Kf1 Rg8 52. Nxa7 Rg2 53. Nc6 Rxf2+ 54. Kxf2 Kg4 55. Rxh4+ Kxh4 56. a7 Rf8 57. Nb8 1-0

[Event "*** Titled Tuesday Blitz"]
[Site "Chess.com"]
[Date "2021.03.16"]
[Round "5"]
[White "Konavets"]
[Black "Paladin61"]
[Result "0-1"]
[WhiteElo "2942"]
[BlackElo "2792"]
[TimeControl "180+1"]
[EndTime "10:55:20 PDT"]
[Termination "Paladin61 won by checkmate"]

1. e4 c5 2. Nf3 d6 3. d4 cxd4 4. Nxd4 Nf6 5. Nc3 a6 6. Bg5 Nbd7 7. Bc4 Qb6 8. Bb3 e6 9. Qd2 Be7 10. O-O-O Nc5 11. f3 Bd7 12. Kb1 Qc7 13. g4 b5 14.
h4 b4 15. Nce2 a5 16. Qe3 a4 17. Bc4 O-O 18. Bxf6 Bxf6 19. g5 Be7 20. h5 b3 21.
cxb3 axb3 22. a3 Nxe4 23. Rc1 Nc5 24. h6 g6 25. f4 Qb7 26. Ng3 d5 27. Be2 Rac8 28.
f5 Bd6 29. Rhf1 e5 30. Bg4 Rfe8 31. fxg6 fxg6 32. Bxd7 Qxd7 33. Ndf5 gxf5 34. Nh5 Ne4 35. Rce1 Rf8 36. Qxb3 Qe6 37. Ka2 Kh8 38. Rg1 Rb8 39.
Qc2 d4+ 40. Ka1 Rfc8 41. Qd3 Rb3 42. Qa6 Rbb8 43. Ng7 Qg6 44. Rgf1 Bf8 45. Qa5 Bxg7 46. hxg7+ Kxg7 47. Rh1 Kg8 48. Rh6 Qg7 49. Reh1 Qb7 50. Qa4 Qxb2# 0-1

[Event "*** Titled Tuesday Blitz"]
[Site "Chess.com"]
[Date "2021.03.16"]
[Round "5"]
[White "Bacyanide"]
[Black "Omk124"]
[Result "0-1"]
[WhiteElo "2408"]
[BlackElo "2557"]
[TimeControl "180+1"]
[EndTime "10:55:20 PDT"]
[Termination "Omk124 won on time"]

1. d4 Nf6 2. c4 g6 3. Nc3 d5 4. cxd5 Nxd5 5. e4 Nxc3 6. bxc3 Bg7 7. Nf3 c5 8. Be3 O-O 9. h3 Nc6 10. Be2 Qa5 11. Bd2 Rd8 12. O-O Qc7 13. d5 Ne5 14. Nxe5 Bxe5 15. Rb1 Bf4 16. c4 b6 17. Rb3 e6 18. Rf3 Bxd2 19. Qxd2 exd5 20. cxd5 Bb7 21.
h4 Re8 22. Bd3 Qe5 23. Qh6 Rad8 24. h5 Qxh5 25. Qxh5 gxh5 26. Rf5 h4 27. Rh5 c4 28.
Bc2 f6 29. Rxh4 Re5 30. f4 Re7 31. Rd1 f5 32. d6 Rg7 33. Kf2 fxe4 34. g4 Rg6 35.
Ke3 Rgxd6 36. Rxd6 Rxd6 37. Rh5 Rg6 38. g5 Rd6 39. f5 c3 40. Rh2 Rd5 41. Kf4 e3 42. Kxe3 Re5+ 43. Kd4 Rc5 44. f6 Rxg5 45. Rxh7 Rg2 46.
Rxb7 Rxc2 47. Rxa7 Rc1 48. Rc7 Rd1+ 49. Ke5 Re1+ 50.
Kf5 Rf1+ 51. Ke5 Rf3 0-1

[Event "*** Titled Tuesday Blitz"]
[Site "Chess.com"]
[Date "2021.03.16"]
[Round "5"]
[White "AttackSparrow"]
[Black "IAgrest"]
[Result "1-0"]
[WhiteElo "2514"]
[BlackElo "2306"]
[TimeControl "180+1"]
[EndTime "10:55:22 PDT"]
[Termination "AttackSparrow won by resignation"]

1. e4 e5 2. Nc3 Nc6 3. Bc4 Nf6 4. d3 Bc5 5. f4 d6 6. Nf3 a6 7. h3 Be6 8. Bxe6 fxe6 9. Qe2 Qe7 10. Be3 Bxe3 11. Qxe3 exf4 12. Qxf4 O-O 13. Qe3 b5 14.
O-O-O b4 15. Ne2 d5 16. e5 Nd7 17. d4 Nb6 18. Qg5 Nc4 19. Qxe7 Nxe7 20. Rd3 h6 21. b3 Nb6 22. c3 a5 23. Kb2 Ng6 24.
Rc1 Ra7 25. Rd2 Rfa8 26. Rdc2 Kh7 27. h4 Ne7 28. Kb1 Nf5 29. Nf4 a4 30. cxb4 axb3 31. Rxc7 Rxa2 32. Nxe6 Nc4 33. R1xc4 dxc4 34. Rxc4 b2 35.
Nd2 Ne3 36. Rc7 Nd1 37. Rxg7+ Kh8 38. Kc2 Ra1 39. Rg6 Rc1+ 40. Kd3 b1=Q+ 41. Nxb1 Rxb1 42.
Rxh6+ Kg8 43. Rg6+ Kf7 44. Rf6+ Ke7 45. Ng5 Ra3+ 46.
Ke4 Nc3+ 47. Kf5 Rf1+ 48. Kg6 Rxf6+ 49. exf6+ Kd7 50. f7 Ra8 51. Kg7 Ke7 52. Nh7 Nd5 53.
f8=Q+ Rxf8 54. Nxf8 Nxb4 55. Ng6+ Ke6 56. h5 Kf5 57. h6 Nd5 58. h7 Nf6 59. h8=Q 1-0

[Event "*** Titled Tuesday Blitz"]
[Site "Chess.com"]
[Date "2021.03.16"]
[Round "5"]
[White "MateusViageiro"]
[Black "TheCairnTerrier"]
[Result "1/2-1/2"]
[WhiteElo "2359"]
[BlackElo "2156"]
[TimeControl "180+1"]
[EndTime "10:55:22 PDT"]
[Termination "Game drawn by agreement"]

1. e4 c5 2. Nf3 e6 3. d4 cxd4 4. Nxd4 Nf6 5. Nc3 d6 6. f3 Nc6 7. Be3 d5 8. Bb5 Bd7 9. exd5 Nxd5 10. Nxd5 exd5 11. O-O Bc5 12. c3 O-O 13. Kh1 Re8 14. Bxc6 bxc6 15. Nxc6 Bxc6 16. Bxc5 Qh4 17. Bf2 Qc4 18. Bd4 a5 19. b3 Qe2 20. Re1 Qxd1 21.
Raxd1 a4 22. b4 a3 23. Kg1 Bb5 24. Kf2 Bc4 25. Rd2 f5 26. Rb1 Rab8 27. b5 Rxb5 28. Rxb5 Bxb5 29. Bc5 Bc4 30. Bxa3 Ra8 31. Bb2 Rxa2 32.
Ke3 Ra7 33. Kf4 g6 34. g4 fxg4 35. fxg4 Rf7+ 36. Kg3 Re7 37. Kf4 Re2 38. Bc1 Rxd2 39. Bxd2 Ba2 40. Ke5 Bc4 41. Kf6 Ba2 42. Bh6 Bc4 43.
h4 Ba2 44. Be3 Bc4 45. Bd4 Ba2 46. Ke5 Bc4 47. Kd6 Ba2 48. Kc6 Bc4 49. Kc5 Ba2 50. Kb4 Kf7 51. Kc5 Ke6 52. h5 gxh5 53. gxh5 Kf5 54. h6 Kg6 55. Bg7 Bc4 56. Kd4 Ba2 57. Ke5 Bc4 1/2-1/2

[Event "*** Titled Tuesday Blitz"]
[Site "Chess.com"]
[Date "2021.03.16"]
[Round "5"]
[White "Lady_Nika"]
[Black "MaevskiyNikolay"]
[Result "0-1"]
[WhiteElo "2400"]
[BlackElo "2551"]
[TimeControl "180+1"]
[EndTime "10:55:23 PDT"]
[Termination "MaevskiyNikolay won by checkmate"]

1. d4 Nf6 2. e3 c5 3. f4 b6 4.
Nf3 Bb7 5. c3 e6 6. Bd3 Be7 7.
O-O O-O 8. Nbd2 Nc6 9. Qe2 Rc8 10. Ne5 d6 11. Nxc6 Bxc6 12. b3 Bb7 13. Bb2 d5 14.
Rf3 Ne4 15. Rh3 f5 16. Nf3 Bf6 17. Ne5 cxd4 18. exd4 Bxe5 19. fxe5 Nxc3 20. Bxc3 Rxc3 21. Bxf5 Qc8 22. Rxc3 Qxc3 23. Bxe6+ Kh8 24. Rd1 Rf4 25. Qh5 Qe3+ 26. Kh1 g6 27. Qh3 Qxd4 28. Rg1 Qxe5 29. Qg3 d4 30. Bc4 Qf6 31. h3 Kg7 32. Kh2 Be4 33. Re1 g5 34. a4 a5 35. Kg1 h5 36.
h4 Rxh4 37. Qc7+ Kh6 38. Rf1 Rf4 39. Rxf4 gxf4 40. Qb8 d3 41. g3 fxg3 42. Qxg3 Qa1+ 43. Kf2 Qd4+ 44. Kf1 Qf6+ 45. Ke1 Qc3+ 46. Kf1 Qc1+ 47. Kf2 Qd2+ 48. Kf1 Qe2+ 49. Kg1 Qg4 50. Qxg4 hxg4 51. Kf2 Kg5 52. Ke3 g3 53. Kxe4 g2 54. Kxd3 g1=Q 55.
Bb5 Qc5 56. Bc4 Kf4 57. Bb5 Qe3+ 58. Kc4 Ke5 59. Be8 Qc5+ 60. Kd3 Qd4+ 61. Kc2 Qe3 62. Bf7 Kd4 63. Bc4 Qc3+ 64. Kb1 Qd2 65. Ka1 Kc3 66.
b4 Qb2# 0-1

[Event "*** Titled Tuesday Blitz"]
[Site "Chess.com"]
[Date "2021.03.16"]
[Round "5"]
[White "RamyresCoelho"]
[Black "Andreikka"]
[Result "0-1"]
[WhiteElo "2085"]
[BlackElo "2876"]
[TimeControl "180+1"]
[EndTime "10:55:23 PDT"]
[Termination "Andreikka won by resignation"]

1. e4 e5 2. Nf3 Nc6 3. d4 exd4 4. Bc4 Bc5 5. O-O Nf6 6. e5 d5 7. Bb5 Ne4 8. Nxd4 Bd7 9. Bxc6 bxc6 10. f3 Ng5 11. f4 Ne4 12. Nc3 O-O 13. Nxe4 dxe4 14. Be3 Bb6 15. Qd2 Qe7 16. Ne2 Rad8 17. Bxb6 axb6 18.
Qe3 f5 19. Rfd1 c5 20. Rd2 Be6 21. Rad1 h6 22. b3 Ra8 23. a4 Rad8 24. Nc3 Kh7 25.
Rxd8 Rxd8 26. Rxd8 Qxd8 27. h3 g5 28. g3 Kg6 29. Kf2 Qd4 30. Qxd4 cxd4 31. Nb5 c5 32. Nc7 e3+ 33. Ke2 Bc8 34. Nd5 gxf4 35. gxf4 Ba6+ 36.
Ke1 b5 37. a5 Kf7 38. Nc7 c4 39. Nxa6 d3 40. cxd3 cxb3 41. e6+ Ke7 42. Kd1 e2+ 43. Kd2 b2 44. Nb4 b1=Q 45. Nc6+ Kxe6 46. Nd4+ Kd5 47. Nxe2 Qa2+ 48. Ke3 Qxa5 49. Ng3 Qe1+ 50. Kf3 Qxg3+ 51. Kxg3 b4 52. Kh4 b3 53. Kh5 b2 54.
Kxh6 b1=Q 55. Kg5 Qxd3 56. h4 Ke4 57. h5 Qg3+ 58. Kf6 Qxf4 59. Kg6 Qg4+ 60. Kh6 f4 61. Kh7 Qxh5+ 0-1

[Event "*** Titled Tuesday Blitz"]
[Site "Chess.com"]
[Date "2021.03.16"]
[Round "5"]
[White "rachidhuilda"]
[Black "lukazz029"]
[Result "0-1"]
[WhiteElo "2292"]
[BlackElo "2235"]
[TimeControl "180+1"]
[EndTime "10:55:24 PDT"]
[Termination "lukazz029 won on time"]

1. d4 Nf6 2. Bg5 Ne4 3. Bf4 c5 4. f3 Nf6 5. dxc5 Qa5+ 6. Nc3 Qxc5 7. e4 d6 8. Qd2 e5 9. Be3 Qc7 10. O-O-O a6 11. g4 Be6 12. g5 Nfd7 13. h4 Nc6 14. Nd5 Bxd5 15. Qxd5 Rc8 16. Bc4 Nc5 17. Bxc5 dxc5 18.
Qd3 b5 19. Bd5 c4 20. Bxc6+ Qxc6 21. Qd5 Qxd5 22. Rxd5 Rc5 23. Rd1 h6 24. Ne2 hxg5 25.
hxg5 Rxh1 26. Rxh1 Rc6 27. Rg1 Bc5 28. Rg2 Be3+ 29. Kd1 Rd6+ 30. Ke1 Rd2 31. Nf4 Rxg2 32. Nxg2 Bxg5 33. b3 Kd7 34. Ke2 Kc6 35. bxc4 bxc4 36. c3 Kb5 37. Kd1 Ka4 38. Kc2 Ka3 39. Kb1 a5 40. Ne1 Bd2 41. Nc2+ Ka4 42. Kb2 Kb5 43. Na1 Ka4 44. Nc2 Bf4 45. Na1 g6 46. Nc2 f5 47. exf5 gxf5 48. Ne1 e4 49. fxe4 fxe4 50.
Ng2 Bg5 51. Ne1 e3 52. Nf3 Bf4 53. Ne1 e2 54. Kc2 Ka3 55. Ng2 Bh6 56. Ne1 Kxa2 57.
Nf3 Ka3 58. Ne1 Bf4 59. Ng2 Bg3 60. Kd2 e1=Q+ 61. Nxe1 Bxe1+ 62. Kxe1 Kb2 63. Kd2 a4 0-1

[Event "*** Titled Tuesday Blitz"]
[Site "Chess.com"]
[Date "2021.03.16"]
[Round "5"]
[White "Julianos82"]
[Black "LamaChampetre"]
[Result "1-0"]
[WhiteElo "2399"]
[BlackElo "2229"]
[TimeControl "180+1"]
[EndTime "10:55:31 PDT"]
[Termination "Julianos82 won on time"]

1. d4 Nf6 2. Nf3 g6 3. c4 Bg7 4.
Nc3 d5 5. cxd5 Nxd5 6. Na4 Nf6 7.
Bg5 O-O 8. e3 Nbd7 9. Bd3 c5 10.
O-O cxd4 11. exd4 b6 12. Re1 Bb7 13. Ne5 h6 14. Bh4 g5 15. Bg3 Nd5 16. Nc3 N7f6 17. Ne4 Nxe4 18. Bxe4 Rc8 19. Qf3 e6 20. Rad1 Qe7 21.
Qe2 Nf6 22. Bb1 Nd5 23. a3 Rfd8 24. Qd3 Nf6 25. h3 Qd6 26. Nxf7 Qd5 27. Nxh6+ Bxh6 28. f3 Bg7 29. Qg6 Qd7 30. Be5 Qf7 31. Qd3 Bd5 32.
Rc1 Bb7 33. Rcd1 Rc7 34. Bxc7 Rc8 35. Be5 Nd5 36. Qh7+ Kf8 37. Bxg7+ Qxg7 38. Qxg7+ Kxg7 39. Rxe6 Nf4 40. Rd6 Ba6 41. Rd7+ Kf6 42. Rxa7 Ne2+ 43. Kf2 Bb5 44. Re1 Nf4 45. g3 Nxh3+ 46. Kg2 g4 47. fxg4 Ng5 48. Ba2 Bc6+ 49. Kf2 Bb5 50. Re3 Rc2+ 51.
Ke1 Nh3 52. Rf3+ Kg5 53. Rg7+ 1-0

[Event "*** Titled Tuesday Blitz"]
[Site "Chess.com"]
[Date "2021.03.16"]
[Round "5"]
[White "VladaSviridova"]
[Black "Fischerev7"]
[Result "0-1"]
[WhiteElo "2226"]
[BlackElo "2398"]
[TimeControl "180+1"]
[EndTime "10:55:34 PDT"]
[Termination "Fischerev7 won on time"]

1. d4 Nf6 2. c4 e6 3. Nf3 Bb4+ 4. Bd2 a5 5. g3 O-O 6. Bg2 d5 7. Qc2 c5 8. cxd5 cxd4 9. Nxd4 exd5 10. O-O Na6 11.
Bg5 h6 12. Bxf6 Qxf6 13. e3 Be6 14. a3 Bc5 15. Rd1 Rac8 16. Nc3 Rfd8 17. Qb3 Bxd4 18.
Rxd4 Nc5 19. Qb5 Qe7 20. Rad1 Qc7 21. Nxd5 Bxd5 22. Rxd5 Rxd5 23. Rxd5 b6 24. h4 Rd8 25.
Rxd8+ Qxd8 26. b4 axb4 27. axb4 Ne6 28. Qd5 Qc7 29. b5 Qc5 30. Qxc5 Nxc5 31. Bc6 Kf8 32. Kf1 Ke7 33. Ke2 Kd6 34. Kd2 g5 35. hxg5 hxg5 36.
f4 f6 37. Kc3 Ne6 38. Kd3 Nc5+ 39. Kd4 Ke6 40. e4 gxf4 41. gxf4 Nb3+ 42. Kc3 Nc5 43. Kc4 Kd6 44. Kd4 Nb3+ 45. Kc3 Nc5 46. Kc4 Ne6 47. f5 Nc5 48. Kd4 Nb3+ 49. Kc3 Na5 50. Bd5 Ke5 51. Kb4 Kd6 52. Ba8 Ke5 53. Bd5 Kd4 0-1

[Event "*** Titled Tuesday Blitz"]
[Site "Chess.com"]
[Date "2021.03.16"]
[Round "5"]
[White "Szparu"]
[Black "northridgehawk"]
[Result "1-0"]
[WhiteElo "2628"]
[BlackElo "2346"]
[TimeControl "180+1"]
[EndTime "10:55:35 PDT"]
[Termination "Szparu won by resignation"]

1. e4 e5 2. Nf3 Nc6 3. Bb5 a6 4. Ba4 Nf6 5. O-O b5 6. Bb3 Bc5 7. c3 d6 8. d4 Bb6 9. a4 Rb8 10. h3 O-O 11. Re1 Bb7 12. Bg5 h6 13. Bh4 g5 14.
Bg3 Re8 15. d5 Ne7 16. Nbd2 Ng6 17. Qe2 Nh5 18. Bh2 Nhf4 19. Qf1 Qf6 20. Kh1 Bc8 21. axb5 axb5 22. Qxb5 Bxh3 23. gxh3 Nxh3 24. Qd7 Nxf2+ 25. Kg2 g4 26. Qf5 gxf3+ 27. Nxf3 Nxe4 28. Qxe4 Kh7 29. Bc2 Rg8 30. Bg3 Rg7 31. Rh1 Kg8 32. Kf1 Ne7 33.
Bh4 Rg5 34. Bxg5 hxg5 35. Qh7+ Kf8 36. Qh8+ Ng8 37. Qxf6 Nxf6 38. Nxg5 Kg7 39. Ne4 Nxd5 40. Ke2 Nf4+ 41. Kf3 f5 42. Ng3 Kf6 43. Nxf5 Bc5 44.
Rh6+ Kf7 45. b4 Bb6 46. Rah1 Rf8 47. Rh7+ Ke6 48. R1h6+ Kd5 49. Bb3+ Kc6 50. Ne7+ Kb5 51. Ke4 Ne2 52. Nd5 Ng3+ 53. Kd3 Rf3+ 54. Kc2 Rf2+ 55. Kb1 Ne4 56. Rh2 Nd2+ 57. Kc2 Rxh2 58. Rxh2 Nf1 59. Rh3 e4 60. c4+ Kc6 61. Nc3 e3 62. Ba4+ Kb7 63.
Kd3 c5 64. Nd5 cxb4 65. Nxb4 Ba5 66. Rh7+ Kb6 67. Nc2 Bd2 68. Rh5 Ng3 69. Rd5 Ba5 70.
Nxe3 Bb4 71. Rb5+ 1-0

[Event "*** Titled Tuesday Blitz"]
[Site "Chess.com"]
[Date "2021.03.16"]
[Round "5"]
[White "DonBroca"]
[Black "MartinMatthiesen"]
[Result "0-1"]
[WhiteElo "2205"]
[BlackElo "2378"]
[TimeControl "180+1"]
[EndTime "10:55:36 PDT"]
[Termination "MartinMatthiesen won by resignation"]

1. e4 e5 2. Nf3 Nc6 3. Bb5 a6 4. Ba4 Nf6 5. O-O Be7 6. Re1 b5 7.
Bb3 d6 8. c3 O-O 9. h3 Nb8 10.
d4 Nbd7 11. Nbd2 Bb7 12. d5 Nc5 13. Bc2 c6 14. b4 Ncd7 15. dxc6 Bxc6 16. Nf1 Rc8 17.
g4 Bb7 18. Bd2 Nb6 19. Ng3 g6 20. Kh2 Nc4 21. Bh6 Re8 22. Rg1 Bf8 23. Bxf8 Rxf8 24. Rc1 Qc7 25. Bb3 Nxe4 26. Qe2 Nxg3 27. Rxg3 Qc6 28.
Nh4 Rfe8 29. Bxc4 Qxc4 30. Qe3 d5 31. Qh6 Qf4 32. Qxf4 exf4 33. Rd3 Re2 34. Kg1 d4 35. Rxd4 Rxc3 36. Rdd1 Rxh3 37. Ng2 f3 38. Nf4 Rh4 39.
Nxe2 fxe2 40. Rd8+ Kg7 41. f3 h5 42. Kf2 hxg4 43. fxg4 Rxg4 44. Re1 Rxb4 45. Rd7 Be4 46. Rxe2 Bf5 47. Red2 Bxd7 48. Rxd7 Ra4 49. Rd2 g5 50.
Ke3 Kg6 51. Kf3 f6 52. Kg3 Ra3+ 53. Kg2 g4 54. Kf2 Kg5 55. Kg2 f5 56. Rc2 a5 57.
Rd2 b4 58. Rc2 a4 59. Rd2 b3 60. Rd3 b2 61. Rd1 Rxa2 62. Rb1 a3 63. Kg3 f4+ 64. Kf2 Ra1 65. Rf1 Rxf1+ 0-1

[Event "*** Titled Tuesday Blitz"]
[Site "Chess.com"]
[Date "2021.03.16"]
[Round "5"]
[White "jfriedel"]
[Black "SergeyShtyka"]
[Result "1-0"]
[WhiteElo "2602"]
[BlackElo "2412"]
[TimeControl "180+1"]
[EndTime "10:55:37 PDT"]
[Termination "jfriedel won on time"]

1. d4 c5 2. d5 e5 3. e4 d6 4.
Nc3 Be7 5. Bb5+ Bd7 6. a4 Bg5 7. Qg4 Bxc1 8. Rxc1 g6 9. h4 Nf6 10. Qg5 h6 11. Qe3 a6 12. Be2 Bg4 13. f3 Bc8 14. g4 h5 15. g5 Nfd7 16. Ra1 b6 17. Bf1 O-O 18. Nge2 Kh7 19. Bh3 Re8 20. Rf1 Re7 21.
Kf2 Nf8 22. Bxc8 Qxc8 23. Kg2 Nbd7 24. Nb1 b5 25. axb5 axb5 26. Rxa8 Qxa8 27. Na3 b4 28.
Nc4 Qa6 29. Qd3 Re8 30. Nxe5 Qxd3 31. Nxd3 Nb6 32. Ra1 Ra8 33. Rxa8 Nxa8 34. e5 dxe5 35. Nxe5 Kg7 36. Nf4 Nb6 37. d6 Nfd7 38. Nxd7 Nxd7 39. Kf2 f6 40. Ke3 fxg5 41. hxg5 Kf7 42. Ke4 h4 43. Kd5 Ke8 44. Kc6 Kd8 45. b3 Kc8 46. Nh3 Kd8 47. f4 Kc8 48. Kd5 Kd8 49. Ke6 Ke8 50. f5 gxf5 51.
Kxf5 Kf7 52. Nf4 Kg7 53. Ne6+ Kg8 54. Kg4 h3 55. Kxh3 Kf7 56. Nf4 c4 57. bxc4 Nc5 58.
Kg4 Ne4 59. g6+ Kf6 60. d7 Ke7 61. Kf5 Nd6+ 62. Ke5 Nxc4+ 63. Kd4 Nd6 64. g7 Nf5+ 65. Kc5 Nxg7 66. Kc6 Kd8 67. Kd6 Nf5+ 68. Ke5 Ne7 69. Ke6 Nc6 70. Kd6 Nd4 71. Ne6+ Nxe6 72. Kxe6 Kc7 73.
Ke7 b3 74. d8=Q+ 1-0

[Event "*** Titled Tuesday Blitz"]
[Site "Chess.com"]
[Date "2021.03.16"]
[Round "5"]
[White "ridnani2021"]
[Black "JordanLoyd2020"]
[Result "1-0"]
[WhiteElo "2350"]
[BlackElo "2500"]
[TimeControl "180+1"]
[EndTime "10:55:39 PDT"]
[Termination "ridnani2021 won by resignation"]

1. e4 c5 2. Nf3 Nc6 3. Bb5 g6 4. O-O Bg7 5. Re1 e5 6. c3 Nge7 7. d3 h6 8. Be3 d6 9. d4 cxd4 10. cxd4 O-O 11. Nc3 Bg4 12. dxe5 dxe5 13. Qxd8 Rfxd8 14. Rad1 Nd4 15. Bxd4 exd4 16. Ne2 Bxf3 17. gxf3 Rac8 18.
Rd2 Rc5 19. Ba4 b5 20. Bb3 Nc6 21. f4 d3 22. Nc1 Nd4 23. Kg2 Nxb3 24. Nxb3 Rc2 25.
Rxc2 dxc2 26. Rc1 Rc8 27. Na1 Bxb2 28. Rxc2 Rxc2 29. Nxc2 Kf8 30. Kf3 Ke7 31. Ke3 Kd6 32.
Kd3 Kc5 33. Ne3 Bd4 34. Ng4 h5 35. Nh6 f6 36. f3 Bg1 37. h4 Bh2 38. f5 gxf5 39.
Nxf5 a5 40. Ng7 Bg3 41. Nxh5 Bxh4 42. Nf4 Bg3 43. Nd5 Be5 44. f4 Ba1 45. Ne3 a4 46. Ng4 Kd6 47. Kc2 b4 48. Nf2 Bd4 49. Nd3 Bc5 50. Nb2 a3 51. Nd3 Kc6 52. Kb3 Be7 53. Nxb4+ Kb5 54. Nd5 Bd8 55. Kxa3 Kc5 56. Kb3 Kd4 57.
a4 Kxe4 58. Kc4 f5 59. Kc5 Kd3 60. Kd6 Kc4 61. Ke5 Ba5 62. Ne7 Kb4 63. Nc6+ Kxa4 64.
Nxa5 Kxa5 65. Kxf5 Kb5 66. Ke6 1-0

[Event "*** Titled Tuesday Blitz"]
[Site "Chess.com"]
[Date "2021.03.16"]
[Round "5"]
[White "Chesseyat004"]
[Black "Mrlammy"]
[Result "0-1"]
[WhiteElo "2465"]
[BlackElo "2324"]
[TimeControl "180+1"]
[EndTime "10:55:39 PDT"]
[Termination "Mrlammy won by resignation"]

1. e4 e6 2. d4 d5 3. e5 c5 4. c3 Nc6 5. Nf3 Qb6 6. a3 Nh6 7. b4 cxd4 8. b5 Ne7 9. cxd4 Bd7 10. Nbd2 Nhf5 11. Qa4 h5 12. Rb1 Rc8 13. Be2 Ng6 14.
g3 a6 15. O-O Be7 16. Re1 O-O 17. Qb3 axb5 18. Bxb5 Bxb5 19. Qxb5 Qxb5 20. Rxb5 Rc7 21. Nb3 Rfc8 22. Bd2 Bxa3 23. Rb1 Bf8 24. Na5 Rc2 25.
Be1 Rc1 26. Nxb7 Rxb1 27. Rxb1 Rb8 28. Rb5 h4 29. g4 Nfe7 30. Nd6 Rxb5 31. Nxb5 Nc6 32.
h3 Nf4 33. Kh2 Ne2 34. Bd2 Bb4 35. Kg2 Bxd2 36. Nxd2 Nexd4 37. Nxd4 Nxd4 38. f4 Kf8 39. Kf2 f6 40. Ke3 Nc2+ 41. Kd3 Ne1+ 42. Ke2 Nc2 43. Nf3 fxe5 44. Nxe5 Nd4+ 45. Ke3 Nc2+ 46. Kd2 Nd4 47. Ng6+ Ke8 48. Nxh4 Ke7 49. Kd3 Nc6 50. Nf3 Kf6 51. h4 e5 52. f5 e4+ 53. Ke3 exf3 54.
Kxf3 Ne5+ 55. Kf4 Nc6 56. g5+ Kf7 57. h5 d4 58. Ke4 Kf8 59. Kd3 Kf7 60. Ke4 Ke7 61.
Kd3 Ne5+ 62. Kxd4 Nf3+ 63. Ke4 Nxg5+ 64. Kf4 Nh7 65. Kg4 Kf6 66. Kf4 Nf8 67. Kg4 Nd7 68. Kf4 Ne5 69. Ke4 Nf7 70. Kf4 Nh6 0-1

[Event "*** Titled Tuesday Blitz"]
[Site "Chess.com"]
[Date "2021.03.16"]
[Round "5"]
[White "bait_or_mate"]
[Black "IngOscarArdila"]
[Result "1-0"]
[WhiteElo "2506"]
[BlackElo "2277"]
[TimeControl "180+1"]
[EndTime "10:55:40 PDT"]
[Termination "bait_or_mate won on time"]

1. d4 Nf6 2. c4 g6 3. Nc3 Bg7 4. e4 d6 5. Nf3 O-O 6. Be2 Nbd7 7.
O-O e5 8. Re1 exd4 9. Nxd4 Nc5 10. Bf1 Re8 11. f3 a5 12. Be3 Bd7 13. Qd2 Qe7 14.
Rad1 h5 15. Bg5 Qf8 16. Ndb5 Rac8 17. Be3 Ne6 18. Nd4 Kh7 19. Rc1 Bh6 20. Nd5 Nxd5 21. cxd5 Nxd4 22. Qxd4 Bg7 23. Qd2 a4 24. Qb4 a3 25.
Qxa3 Ra8 26. Qb3 Rec8 27. a3 Qh8 28. Rb1 Bd4 29. Qd3 Be5 30. Qd2 h4 31. Rec1 Qf6 32.
Bg5 Bd4+ 33. Kh1 Qe5 34. Bxh4 Qh5 35. Qxd4 Qxh4 36. g3 Qh6 37. Bg2 Kg8 38. Rc2 Ra4 39.
Qd2 Qg7 40. Rbc1 c5 41. dxc6 Bxc6 42. Qxd6 Ra5 43. Rd1 Rh5 44. g4 Rh4 45. Rcd2 Kh7 46. Qg3 Qh6 47. f4 Re8 48. g5 Qh5 49. Re1 Kg7 50.
Bf3 Qh7 51. Rde2 Rh3 52. Qg2 Rh8 53. f5 Qh4 54. f6+ Kg8 55. Rd1 Qf4 56. Rd8+ Kh7 57.
Qxh3+ 1-0

[Event "*** Titled Tuesday Blitz"]
[Site "Chess.com"]
[Date "2021.03.16"]
[Round "5"]
[White "NateSolon"]
[Black "Fandorine"]
[Result "0-1"]
[WhiteElo "2557"]
[BlackElo "2875"]
[TimeControl "180+1"]
[EndTime "10:55:41 PDT"]
[Termination "Fandorine won on time"]

1. d4 Nf6 2. c4 g6 3. Nc3 Bg7 4.
g3 O-O 5. Bg2 d6 6. Nf3 Nbd7 7.
O-O e5 8. e4 exd4 9. Nxd4 Nc5 10. h3 Re8 11. Re1 Bd7 12. b4 Ne6 13. Be3 a5 14. a3 h5 15. Qd2 Nh7 16. Rad1 axb4 17. axb4 h4 18. g4 g5 19. Nf5 Be5 20. Bf1 Nf4 21. c5 Bxf5 22. exf5 dxc5 23. Qc2 Qc8 24. bxc5 Nf6 25. Nb5 Ra5 26. Qb3 Kg7 27. Bd2 Qa8 28. Rxe5 Rxe5 29. Qc3 Rd5 30. Rc1 Rxb5 31. Bxb5 c6 32.
Bf1 Qb8 33. Be3 Qe5 34. Qxe5 Rxe5 35. Bd4 Rd5 36. Bb2 Rd2 37. Bc3 Rd5 38. Ba1 Rd7 39. Rb1 Nd5 40. Rd1 Kf8 41. Be5 Ke8 42. Bd6 b6 43.
Bc4 bxc5 44. Bxc5 Nf4 45. Re1+ Kd8 46. Bf1 Kc7 47. Be3 N6d5 48. Bd4 f6 49. Rc1 Kd6 50. Bc5+ Kc7 51. Kh2 Rd8 52. Bd4 Kd6 53. Bc5+ Kd7 54. Bg2 Re8 55. Bf3 Rb8 56. Bd4 Rb3 57. Bg2 Rd3 58.
Be3 Nxg2 59. Kxg2 Nxe3+ 60. fxe3 Rxe3 61. Rd1+ Kc7 0-1

[Event "*** Titled Tuesday Blitz"]
[Site "Chess.com"]
[Date "2021.03.16"]
[Round "5"]
[White "DinaBelenkaya"]
[Black "MuhittinBuker"]
[Result "1/2-1/2"]
[WhiteElo "2372"]
[BlackElo "2193"]
[TimeControl "180+1"]
[EndTime "10:55:41 PDT"]
[Termination "Game drawn - insufficient material"]

1. e4 e5 2. Nf3 Nc6 3. Bb5 a6 4. Ba4 Nf6 5. Qe2 b5 6. Bb3 Be7 7. d3 O-O 8. Bg5 d6 9. Nbd2 Na5 10. Nf1 Nxb3 11. axb3 Nd7 12. Bxe7 Qxe7 13. Ne3 c6 14. b4 Nb6 15. O-O g6 16. b3 Re8 17. Nd2 Kg7 18. c4 Bb7 19. Nb1 Nd7 20. Nc3 Nf6 21.
Ra2 d5 22. exd5 Qxb4 23. Ne4 cxd5 24. Nxf6 Kxf6 25. Qf3+ Kg7 26. Nxd5 Qxb3 27. Rfa1 e4 28. Qf6+ Kg8 29. Nc7 exd3 30. Nxe8 Rxe8 31. Rb2 Qxc4 32. h3 b4 33. Qb6 Qd5 34. f3 d2 35. Qf2 d1=Q+ 36.
Rxd1 Qxd1+ 37. Kh2 a5 38. Rd2 Qb3 39. Rd7 Bc6 40.
Rc7 Qd5 41. Qb6 Qe5+ 42. Kh1 Qe1+ 43. Kh2 Qe5+ 44. Kh1 Bxf3 45. gxf3 Qe1+ 46. Qg1 Qxg1+ 47. Kxg1 Ra8 48. Rb7 Kf8 49. Kf2 Ke8 50. Ke3 Kd8 51. Kd3 Kc8 52. Rxf7 a4 53. Kc2 a3 54.
Kb3 a2 55. Rf8+ Kb7 56. Rxa8 Kxa8 57. Kxa2 Kb7 58. Kb3 Kb6 59. Kxb4 Kc6 60. Kc4 Kd6 61. Kd4 Ke6 62. Ke4 Kf6 63. Kf4 g5+ 64. Kg4 Kg6 65. h4 h5+ 66. Kg3 gxh4+ 67. Kxh4 Kf5 68. Kxh5 Kf4 69. Kg6 Kxf3 1/2-1/2